Workbook

Sheet DOSSIERS
A1: 354476 | B1: SAS 3BELLS | C1: 1066.354476@email.ami-compta.fr | D1: =SUBSTITUTE(C1,"content_copy","") -> 1066.354476@email.ami-compta.fr | E1: =VLOOKUP(A1,'n° SIRET'!A1:C2368,3,FALSE) -> 98427072800012
A2: 354465 | B2: SAS KUAILE | C2: 1066.354465@email.ami-compta.fr content_copy | D2: =SUBSTITUTE(C2,"content_copy","") -> 1066.354465@email.ami-compta.fr | E2: =VLOOKUP(A2,'n° SIRET'!A2:C2369,3,FALSE) -> 94942891600017
A3: 354457 | B3: EURL LJ COUVERTURE | C3: 1066.354457@email.ami-compta.fr content_copy | D3: =SUBSTITUTE(C3,"content_copy","") -> 1066.354457@email.ami-compta.fr | E3: =VLOOKUP(A3,'n° SIRET'!A3:C2370,3,FALSE) -> #N/A
A4: 354456 | B4: MR GUILLAUME Mathias | C4: 1066.354456@email.ami-compta.fr content_copy | D4: =SUBSTITUTE(C4,"content_copy","") -> 1066.354456@email.ami-compta.fr | E4: =VLOOKUP(A4,'n° SIRET'!A4:C2371,3,FALSE) -> #N/A
A5: 354455 | B5: EURL LD-METALLURGIE | C5: 1066.354455@email.ami-compta.fr content_copy | D5: =SUBSTITUTE(C5,"content_copy","") -> 1066.354455@email.ami-compta.fr | E5: =VLOOKUP(A5,'n° SIRET'!A5:C2372,3,FALSE) -> #N/A
A6: 354446 | B6: MME PETRUS IONA | C6: 1066.354446@email.ami-compta.fr content_copy | D6: =SUBSTITUTE(C6,"content_copy","") -> 1066.354446@email.ami-compta.fr | E6: =VLOOKUP(A6,'n° SIRET'!A6:C2373,3,FALSE) -> #N/A
A7: 354435 | B7: SARL PI CLIC | C7: 1066.354435@email.ami-compta.fr content_copy | D7: =SUBSTITUTE(C7,"content_copy","") -> 1066.354435@email.ami-compta.fr | E7: =VLOOKUP(A7,'n° SIRET'!A7:C2374,3,FALSE) -> #N/A
A8: 354434 | B8: MR ERNOU CEDRIC | C8: 1066.354434@email.ami-compta.fr content_copy | D8: =SUBSTITUTE(C8,"content_copy","") -> 1066.354434@email.ami-compta.fr | E8: =VLOOKUP(A8,'n° SIRET'!A8:C2375,3,FALSE) -> #N/A
A9: 354423 | B9: EURL GARAGE CEDRIC AUTO | C9: 1066.354423@email.ami-compta.fr content_copy | D9: =SUBSTITUTE(C9,"content_copy","") -> 1066.354423@email.ami-compta.fr | E9: =VLOOKUP(A9,'n° SIRET'!A9:C2376,3,FALSE) -> #N/A
A10: 354415 | B10: SAS DL COTENTIN MANAGEMENT | C10: 1066.354415@email.ami-compta.fr content_copy | D10: =SUBSTITUTE(C10,"content_copy","") -> 1066.354415@email.ami-compta.fr | E10: =VLOOKUP(A10,'n° SIRET'!A10:C2377,3,FALSE) -> #N/A
A11: 354412 | B11: SCI DELMA EN COTENTIN | C11: 1066.354412@email.ami-compta.fr content_copy | D11: =SUBSTITUTE(C11,"content_copy","") -> 1066.354412@email.ami-compta.fr | E11: =VLOOKUP(A11,'n° SIRET'!A11:C2378,3,FALSE) -> #N/A
A12: 354411 | B12: SCI LOQUET FAMILY | C12: 1066.354411@email.ami-compta.fr content_copy | D12: =SUBSTITUTE(C12,"content_copy","") -> 1066.354411@email.ami-compta.fr | E12: =VLOOKUP(A12,'n° SIRET'!A12:C2379,3,FALSE) -> #N/A
A13: 354410 | B13: SCI NAUDIN IMMOBILIER | C13: 1066.354410@email.ami-compta.fr content_copy | D13: =SUBSTITUTE(C13,"content_copy","") -> 1066.354410@email.ami-compta.fr
A14: 354405 | B14: SELAR MIRUSDENT | C14: 1066.354405@email.ami-compta.fr content_copy | D14: =SUBSTITUTE(C14,"content_copy","") -> 1066.354405@email.ami-compta.fr
A15: 354404 | B15: SAS LA BONNE ADRESSE | C15: 1066.354404@email.ami-compta.fr content_copy | D15: =SUBSTITUTE(C15,"content_copy","") -> 1066.354404@email.ami-compta.fr
A16: 354400 | B16: MR LEGASTELOIS GUILLAUME | C16: 1066.354400@email.ami-compta.fr content_copy | D16: =SUBSTITUTE(C16,"content_copy","") -> 1066.354400@email.ami-compta.fr
A17: 354393 | B17: SAS MAEDZAEL EN COTENTIN | C17: 1066.354393@email.ami-compta.fr content_copy | D17: =SUBSTITUTE(C17,"content_copy","") -> 1066.354393@email.ami-compta.fr
A18: 354392 | B18: SCI MAEDZAEL IMMOBILIER | C18: 1066.354392@email.ami-compta.fr content_copy | D18: =SUBSTITUTE(C18,"content_copy","") -> 1066.354392@email.ami-compta.fr
A19: 354391 | B19: SAS DL CHAUDRONNERIE INDUSTRIE | C19: 1066.354391@email.ami-compta.fr content_copy | D19: =SUBSTITUTE(C19,"content_copy","") -> 1066.354391@email.ami-compta.fr
A20: 354387 | B20: SARL VRV CONCEPT | C20: 1066.354387@email.ami-compta.fr content_copy | D20: =SUBSTITUTE(C20,"content_copy","") -> 1066.354387@email.ami-compta.fr
A21: 354381 | B21: SAS NAUDIN | C21: 1066.354381@email.ami-compta.fr content_copy | D21: =SUBSTITUTE(C21,"content_copy","") -> 1066.354381@email.ami-compta.fr
A22: 354380 | B22: SARL METEORE | C22: 1066.354380@email.ami-compta.fr content_copy | D22: =SUBSTITUTE(C22,"content_copy","") -> 1066.354380@email.ami-compta.fr
A23: 354379 | B23: SNC DHP | C23: 1066.354379@email.ami-compta.fr content_copy | D23: =SUBSTITUTE(C23,"content_copy","") -> 1066.354379@email.ami-compta.fr
A24: 354376 | B24: SARL DU'HOME CONCIERGERIE | C24: 1066.354376@email.ami-compta.fr content_copy | D24: =SUBSTITUTE(C24,"content_copy","") -> 1066.354376@email.ami-compta.fr
... A227: 34305 | B227: S.A.R.L. OPTIQUE CORDON | C227: 1066.034305@email.ami-compta.fr content_copy | D227: =SUBSTITUTE(C227,"content_copy","") -> 1066.034305@email.ami-compta.fr

Sheet n° SIRET
A1: 3003 | B1: SCI BELLAMY LA ROUSSERIE | C1: 90698004000016
A2: 31001 | B2: SARL CABINET LEBOUCHER LEFEVRE | C2: 34204421100064
A3: 31008 | B3: MR BOURGEADE CHARLES (DR)
A4: 31021 | B4: MME BLOT GENEVIEVE (DR)
A5: 31042 | B5: C.D.H.A.T. | C5: 32203126100033
A6: 31062 | B6: MR LETOURMY JEAN LOUIS | C6: 43444316400018
A7: 31065 | B7: MME LAMAZURE THERESE (DR)
A8: 31124 | B8: SARL ARTISANS DECORATEURS | C8: 31890847200026
A9: 031130 | B9: SARL PLESSIS A ET G | C9: 34315006600011
A10: 031143 | B10: MR THOURON DANIEL (DR) | C10: 32795830200017
A11: 031156 | B11: SARL CANISY CONTINU | C11: 32880334100010
A12: 031218 | B12: MR LEPRIEUR JEAN (DR) | C12: 30203029100041
A13: 031223 | B13: MR LEPOITTEVIN JACQUES (DR)
A14: 031227 | B14: SAS PMS | C14: 32775382800018
A15: 031230 | B15: MME MARIE FRANCOISE (DR) | C15: 32449388100019
A16: 031267 | B16: MR HERBERT ANDRE (DR) | C16: 31839861700031
A17: 031725 | B17: MR LECUIR Claude
A18: 032042 | B18: ASS CDHAT SECTEUR SOCIAL | C18: 32203126100017
A19: 033042 | B19: ASS CDHAT SECTEUR CONCURRENTIEL | C19: 32203126100017
A20: 034003 | B20: SCI BELLAMY SAINT VIGOR | C20: 35265743100016
A21: 034130 | B21: MR PLESSIS GILBERT | C21: 32088666600017
A22: 034229 | B22: SARL GARAGE DE L'OUEST | C22: 34032379900015
A23: 034256 | B23: SCI GAUDIN B | C23: 33851789900013
A24: 034260 | B24: MME DELANNOY CATHERINE (DR) | C24: 34021363600020
A25: 034305 | B25: SARL OPTIQUE CORDON | C25: 34404099300018
A26: 034332 | B26: MR CORMIER PHILIPPE (DR) | C26: 34439346700016
A27: 034336 | B27: SCI LECLERC 36 | C27: 33941370000016
A28: 034364 | B28: MME LECOT Marie-Line | C28: 42162709200016
A29: 034373 | B29: SCI 32 COURS JONVILLE | C29: 34469123300011
... A65: 351164 | B65: SARL TOCZE | C65: 41836712400025
A66: 351236 | B66: MR MARIE GEORGES (DR)
A67: 351257 | B67: SARL CLESI | C67: 42191291600028
A68: 351262 | B68: SARL DESS OPTIC | C68: 42237576600041
A69: 351279 | B69: SARL TOP DEPANN | C69: 42512447600010
A70: 351292 | B70: MME LOGEAIS ISABELLE | C70: 42411744800029
A71: 351294 | B71: MME BOSSEY GAUTIER DELPHINE | C71: 39853209300034
A72: 351331 | B72: MR L HOTELLIER BENOIT | C72: 41511534400012
A73: 351346 | B73: SCP Sté Civile Particulière JDMC | C73: 42485124400014
A74: 351350 | B74: EURL DENIS TOITURES DE A À ZINC | C74: 43018611400012
A75: 351420 | B75: SARL LCL CONSTRUCTION | C75: 43335533600028
A76: 351432 | B76: MR CAPELLE MICHEL | C76: 43322622200019
A77: 351444 | B77: MME THOMAS MARCELLE | C77: 43509224200013
A78: 351446 | B78: SCI H3RCM | C78: 43414006700019
A79: 351449 | B79: SARL MANCHE REPRO | C79: 43406352500019
A80: 351456 | B80: SAS HC NETTOYAGE | C80: 43492441100037
A81: 351467 | B81: SARL GRAFITY'S | C81: 43393731500029
A82: 351480 | B82: SARL OFF 7 | C82: 43451801500012
A83: 351495 | B83: MR AUMONT Bernard | C83: 43821893500023
A84: 351497 | B84: SCI LENAIN | C84: 43384302600025
A85: 351542 | B85: MR DUVAL Anthony | C85: 44125671600057
A86: 351545 | B86: MME PICHELOT GHISLAINE | C86: 44255470500016
A87: 351548 | B87: ASS UACAI (CHEZ MR HUE MICHEL) | C87: 44354329300015
A88: 351557 | B88: SC FINANCIERE JDFA | C88: 43390496800032
A89: 351581 | B89: SARL CENTRE MANCHE ST LO ENCHERES | C89: 44254838400027
A90: 351584 | B90: MR BARRE MICKAEL | C90: 44413618800034
A91: 351594 | B91: MME RABEC KARINE | C91: 44280671700017
A92: 351597 | B92: SARL MAISON RIOULT LETELLIER | C92: 44302825300062
... A152: 352091 | B152: MR LAISNEY JACKY | C152: 39753319100037
A153: 352094 | B153: MR GRAS CHRISTIAN (DR)
A154: 352097 | B154: ARAPL NORMANDIE OUEST
A155: 352099 | B155: MR GUERARD JOEL | C155: 37855947000034
A156: 352121 | B156: SCI MENCE | C156: 50496114500027
A157: 352126 | B157: SARL DUDOUIT | C157: 50964343300022
A158: 352127 | B158: SCI VETCHOUETTE | C158: 50841848000010
A159: 352132 | B159: SARL MOREL DEVELOPPEMENT | C159: 45060398000019
A160: 352135 | B160: MME JOSSAUME MARIE-THERESE (DR)
A161: 352136 | B161: SARL GLOBALIS | C161: 43893232900016
A162: 352150 | B162: SARL BTA HOLDING | C162: 51870393900026
A163: 352163 | B163: MR GAIGNON XAVIER (DR)
A164: 352164 | B164: EURL CEDYXIA | C164: 51448909500026
A165: 352167 | B165: SARL HUBERT FORTIN | C165: 50327947300014
A166: 352170 | B166: MME GOSSELIN NOEMIE | C166: 51828879000018
A167: 352171 | B167: GAEC LES GITES DE BELLE FONTAINE | C167: 51507016700017
A168: 352172 | B168: SC VALLEE | C168: 51229735900022
A169: 352191 | B169: EARL LE PICOTIN | C169: 51397063200016
A170: 352210 | B170: SARL CTAT | C170: 39528623000028
A171: 352218 | B171: SARL ALTEA PATRIMOINE | C171: 49181810000050
A172: 352219 | B172: MR GRANDIN PIERRE | C172: 32149156500024
A173: 352227 | B173: MME FOULON CATHERINE | C173: 40264800000097
A174: 352229 | B174: SCI BURTO | C174: 51015776100014
A175: 352240 | B175: MR DESDEVISES JOSEPH | C175: 44170075400019
... A177: 352245 | B177: SARL FOSSEY LEBLOND TP | C177: 52370091200018
A178: 352246 | B178: MR BOUTTE CLAUDE (DR)
A179: 352248 | B179: SARL NATURA PEINTURE | C179: 52339358500022
A180: 352275 | B180: SARL GASTEBLET ELECTRICITE | C180: 52469936000011
A181: 352276 | B181: MR GIRES STEPHANE | C181: 52784506900014
A182: 352299 | B182: SARL LOUISE INVEST | C182: 52176107200011
A183: 352301 | B183: MELLE LEFILLASTRE CINDY | C183: 52947463700046
A184: 352302 | B184: MR BADARELLE YOHAN | C184: 47839362200053
A185: 352305 | B185: MR NICOLAS PATRICK | C185: 52894975300016
A186: 352313 | B186: MR BARBEY Pascal | C186: 53068749000017
A187: 352319 | B187: 169368
A188: 352322 | B188: lavieille
A189: 352326 | B189: MR JOMBART Thierry | C189: 35136404700040
A190: 352341 | B190: SARL AIRFOPP TELECOM | C190: 53213334500027
A191: 352342 | B191: SARL GD PLESSIS | C191: 52962808300014
A192: 352343 | B192: SCI PGD | C192: 52951050500017
A193: 352362 | B193: SCI LE VERGER DES PERCHETTES | C193: 53359622700017
A194: 352367 | B194: SARL GARAGE MARIE SAINT CLAIR | C194: 53279526700014
A195: 352368 | B195: MR BRIENS ERIC | C195: 53265788900012
...
